 Dungeon Crawl Stone Soup version 0.31-a0-618-g7ca08c1ff9 (webtiles) character file.

Game seed: 7136174791402154214

94 spiderkeys the Ruffian (level 4, -8/29 HPs)
             Began as an Octopode Shapeshifter on Aug 22, 2023.
             Mangled by an ogre
             ... wielding a +0 giant club
              (21 damage)
             ... on level 3 of the Dungeon.
             The game lasted 00:02:08 (2030 turns).

spiderkeys the Ruffian (Octopode Shapeshifter)      Turns: 2030, Time: 00:02:09

Health: -8/29      AC:  9    Str: 16    XL:     4   Next: 63%
Magic:  4/4        EV: 13    Int: 10    God:
Gold:   117        SH:  0    Dex: 12    Spells: 3/3 levels left

rFire   . .          .
                       - Unarmed
rCold   . . .        (no shield)
rNeg    . . .        (helmet currently unavailable)
rPois   .            (no amulet)
rElec   .            O - +4 ring of protection
rCorr   .            o - +4 ring of protection
SInv    .            (no ring)
Will    .....        (no ring)
Stlth   ++           (no ring)
HPRegen 0.24/turn    (no ring)
MPRegen 0.09/turn    (no ring)
                     (no ring)

%: no passive effects
@: beast-form
A: beast (slay +2), almost no armour, amphibious, 8 rings, camouflage 1,
gelatinous body 1, (nimble swimmer 1), tentacles
a: Begin Untransformation


You were on level 3 of the Dungeon.
You were a hulking beast.
You visited 1 branch of the dungeon, and saw 3 of its levels.

You collected 117 gold pieces.


Innate Abilities, Weirdness & Mutations

You are a hulking beast.
Your limbs bulge with bestial killing power. (Slay +2)
You cannot wear most types of armour.
You are amphibious.
You can wear up to eight rings at the same time.
Your skin changes colour to match your surroundings (Stealth+).
Your rubbery body absorbs attacks. (AC +1, EV +1)
((You are camouflaged when in or above water. (Stealth+)))
You have tentacles for arms and can constrict up to eight enemies at once.


   Skills:
 + Level 2.2 Fighting
 + Level 2.8 Dodging
 + Level 3.6 Unarmed Combat
 + Level 3.6 Shapeshifting


You had 3 spell levels left.
You didn't know any spells.
Your spell library contained the following spells:

 Spells                   Type           Power      Damage    Failure   Level
 Volatile Blastmotes      Fire/Tloc      0%         2d10      75%         3
 Fulminant Prism          Conj/Hex       0%         3d5       98%         4
 Iskenderun's Mystic Bla  Conj/Tloc      0%         2d3       98%         4

Inventory:

Missiles
 g - 9 javelins
 i - 7 stones
 q - 8 poisoned darts
Jewellery
 o - a +4 ring of protection (right tentacle)
   (You found it on level 2 of the Dungeon)
 I - a +6 ring of intelligence
   (You found it on level 3 of the Dungeon)
 O - a +4 ring of protection (left tentacle)
   (You found it on level 1 of the Dungeon)
 T - an amulet of faith {!P}
   (You found it on level 2 of the Dungeon)
Talismans
 b - a beast talisman (active)
 c - a flux talisman
Scrolls
 d - a scroll of teleportation {@r4}
 f - a scroll of noise {!r}
 h - a scroll of fog
 l - a scroll of immolation {!r!r}
 n - a scroll of silence {!r}
 r - a scroll of fear
 s - a scroll of brand weapon
 t - a scroll of enchant weapon {unknown}
Potions
 a - a potion of lignification {!q}
 e - 3 potions of curing {unknown}
 j - 2 potions of haste {unknown}
 k - a potion of attraction {unknown}
 m - 2 potions of magic
 p - 2 potions of enlightenment

Dungeon Overview and Level Annotations

Branches:
Dungeon (3/15) Zot: 15977

Altars:
Nemelex Xobeh

#.# ####### #.#
#......
###.########
#......
#..........#
#......
#.#.######.#
#...... #>#.#
#.# #......
#.#.#
#.###......
#.#.#
#.#........
#.#h#
#.#.#......
#.#O#
#)#.#......
#.#?#
#.....#####
#.#.# #.###.#.#
# #.#..
#..†..#.# #
#.##########...#
# #.....# ##.###
# #.....## #...#
#####..####...#


You could see an ogre.


Message History

a +0 short sword; a kobold corpse No target in view!
No target in view!
No target in view!
No target in view!
The helpless hobgoblin fails to defend itself.
You bludgeon the hobgoblin!
You kill the hobgoblin!
No target in view!
No target in view!
t - a scroll of identify {@r1}
Found an escape hatch in the ceiling.
As you read the scroll of identify {@r1}, it crumbles to dust.
f - a scroll of noise A ball python comes into view.
A ball python is nearby!
The ball python hisses angrily.
An endoplasm comes into view.
The ball python bites you but does no damage.
The ball python grabs you. The ball python constricts you.
There is an escape hatch in the ceiling here.
You bludgeon the ball python!
You kill the ball python!
An adder comes into view.
You see here a ball python corpse.
Found an escape hatch in the floor.
The helpless endoplasm fails to defend itself.
You tentacle-slap the endoplasm. The endoplasm barely misses you.
You tentacle-slap the endoplasm.
The endoplasm hits you but does no damage.
You tentacle-slap the endoplasm.
You kill the endoplasm!
The helpless adder fails to defend itself.
You bludgeon the adder! You grab the adder. You squeeze the adder.
You kill the adder!
No target in view!
No target in view!
t - a scroll labelled OWOOBB OBOHU You pick up a book of Blasting and begin reading...
You add the spells Volatile Blastmotes, Fulminant Prism and Iskenderun's Mystic Blast to your library.
A goblin comes into view. It is wielding a +0 club.
The helpless goblin fails to defend itself.
You bludgeon the goblin!
You kill the goblin!
No target in view!
No target in view!
Key pressed, stopping explore.
You see here a +0 quarterstaff.
A goblin comes into view. It is wielding a +0 dagger.
A goblin is nearby!
The helpless goblin fails to defend itself.
You tentacle-slap the goblin. You grab the goblin. You squeeze the goblin.
You kill the goblin!
No target in view!
No target in view!
You see here a +0 dagger.
A rat comes into view.
A rat is nearby!
A rat is nearby!
A rat is nearby!
The helpless rat fails to defend itself.
You tentacle-slap the rat but do no damage.
Your grab misses the rat. The rat barely misses you.
You completely miss the rat. Your grab misses the rat.
The rat closely misses you.
You tentacle-slap the rat.
You kill the rat!
You see here a rat corpse.
You see here a +0 dagger.
Key pressed, stopping explore.
A rat comes into view.
A rat is nearby!
A rat is nearby!
A rat is nearby!
You barely miss the rat. Your grab misses the rat. You tentacle-slap the rat.
You kill the rat!
No target in view!
Found a stone staircase leading down.
There is a stone staircase leading down here.
An ogre comes into view. It is wielding a +0 giant club.
An ogre is nearby!
An ogre is nearby!
The ogre shouts!
You barely miss the ogre. The ogre misses you.
You bludgeon the ogre! The ogre barely misses you.
You tentacle-slap the ogre but do no damage.
You completely miss the ogre. The ogre hits you with a +0 giant club!
Ouch! That really hurt!
* * * LOW HITPOINT WARNING * * *
😨 HP[-16]
You take 16 damage, and now have 13/29 hp.
MASSIVE DAMAGE!! (PAUSE)
You tentacle-slap the ogre.
Your tentacle-slap misses the ogre.
You squeeze the ogre! You barely miss the ogre.
The ogre hits you with a +0 giant club!!
Ouch! That really hurt!
You die...

Skill      XL: |  1  2  3  4 |
---------------+-------------+-----
Fighting       | 2 |  2.2
Dodging        | |  2.8
Unarmed Combat | |  3.6
Shapeshifting  | |  3.6

Action                     |  1- 3 |  4- 6 || total
---------------------------+-------+-------++-------
  Melee: Unarmed           |    66 |    43 ||   109
         Constrict         |    23 |    11 ||    34
         Tentacles         |    11 |     6 ||    17
         Punch             |     3 |       ||     3
    Use: Scroll            |       |     9 ||     9
   Stab: Sleeping          |     6 |    11 ||    17
 Armour: Skin              |     9 |     4 ||    13
  Dodge: Dodged            |    30 |    17 ||    47

Levels and vault maps discovered:
D:1:      amcnicky_arrival_wind_blow, layout_loops_ring,
          chequers_hall_statues_wall_a
D:2:      layout_basic, serial_co_window_serial, co_window_corner_a,
          co_window_cross_1, co_window_corner_a, co_window_paths_a,
          co_window_corner_a, co_window_corner_b, co_window_corner_b,
          co_window_paths_c, glass_columns_a, basic_altar,
          reono_crystal_passage, minmay_pentomino_v2
D:3:      layout_basic

Notes
Turn   | Place    | Note
-------+----------+-------------------------------------------
     0 | D:1      | spiderkeys the Octopode Shapeshifter began the quest for
                  | the Orb.
     0 | D:1      | Reached XP level 1. HP: 13/13 MP: 1/1
     0 | D:1      | magus.rc [v1.11.6]
   133 | D:1      | Reached XP level 2. HP: 13/18 MP: 2/2
   888 | D:2      | Found a sparkling altar of Nemelex Xobeh.
   906 | D:2      | Reached XP level 3. HP: 23/23 MP: 3/3
  1258 | D:2      | Reached XP level 4. HP: 29/29 MP: 4/4
  1299 | D:2      | Reached skill level 2 in Fighting
  1892 | D:3      | You add the spells Volatile Blastmotes, Fulminant Prism and
                  | Iskenderun's Mystic Blast to your library.
  2021 | D:3      | Noticed an ogre
  2030 | D:3      | Mangled by an ogre

Vanquished Creatures
  3 adders
  2 dart slugs (D:2)
  An orc (D:3)
  3 endoplasms
  3 giant cockroaches
  5 goblins
  5 hobgoblins
  9 jackals
  7 kobolds
  A quokka (D:1)
  3 ball pythons
  3 bats
  4 frilled lizards (D:1)
  9 rats
58 creatures vanquished.

Table legend:
 A = Non-vault XP
 B = Vault XP
 C = Vault XP percentage of total XP
 D = Non-vault monster count
 E = Vault monster count
 F = Vault count percentage of total count
                 A         B        C        D         E       F
            +---------+---------+-------+---------+---------+-------
      Total |     133 |       2 |   1.5 |      57 |       1 |   1.7
            +---------+---------+-------+---------+---------+-------
        D:1 |      30 |       0 |   0.0 |      21 |       0 |   0.0
        D:2 |      66 |       2 |   2.9 |      22 |       1 |   4.3
        D:3 |      37 |       0 |   0.0 |      14 |       0 |   0.0
            +---------+---------+-------+---------+---------+-------

Skill      XL: |  1  2  3  4 |
---------------+-------------+-----
Fighting       | 2 |  2.2
Dodging        | |  2.8
Unarmed Combat | |  3.6
Shapeshifting  | |  3.6

Action                     |  1- 3 |  4- 6 || total
---------------------------+-------+-------++-------
  Melee: Unarmed           |    66 |    43 ||   109
         Constrict         |    23 |    11 ||    34
         Tentacles         |    11 |     6 ||    17
         Punch             |     3 |       ||     3
    Use: Scroll            |       |     9 ||     9
   Stab: Sleeping          |     6 |    11 ||    17
 Armour: Skin              |     9 |     4 ||    13
  Dodge: Dodged            |    30 |    17 ||    47

Illustrated notes

Table legend:
 A = Kills in this place as a percentage of kills in the entire game.
 B = Kills by you in this place as a percentage of kills by you in the entire game.
 C = Kills by friends in this place as a percentage of kills by friends in the entire game.
 D = Other kills in this place as a percentage of other kills in the entire game.
 E = Experience gained in this place as a percentage of experience gained in the entire game.
 F = Experience gained in this place divided by the number of levels of this place that you have seen.
                   A       B       C       D       E      F
               +-------+-------+-------+-------+-------+----------------------
         Total | 100.0 | 100.0 |   N/A |   N/A | 100.0 |  45.0
       Dungeon | 100.0 | 100.0 |   N/A |   N/A | 100.0 |  45.0
               +-------+-------+-------+-------+-------+----------------------

Table legend: (Time is in decaauts)
 A = Elapsed time spent in this place.
 B = Non-inter-level travel time spent in this place.
 C = Inter-level travel time spent in this place.
 D = Time resting spent in this place.
 E = Time spent auto-exploring this place.
 F = Levels seen in this place.
 G = Mean time per level.
                   A        B        C        D        E       F      G
               +--------+--------+--------+--------+--------+-----+--------+
         Total |   2021 |   1976 |     45 |      0 |   1649 |   3 |  673.7 |
       Dungeon |   2021 |   1976 |     45 |      0 |   1649 |   3 |  673.7 |
               +--------+--------+--------+--------+--------+-----+--------+

Top non-repeatable levels by time:
     D:2: 871 daAuts
     D:1: 816 daAuts
     D:3: 334 daAuts
